 Dungeon Crawl Stone Soup version 0.23.2-1-ga50397a (webtiles) character file.

Game seed: 15171915336354737518

336 myga the Magician (level 6, 0/42 HPs)
             Began as a Mummy Ice Elementalist on May 18, 2019.
             Was a Follower of Dithmenos.
             Killed from afar by an orc wizard (4 damage)
             ... with a magic dart
             ... on level 6 of the Dungeon.
             The game lasted 00:17:36 (4900 turns).

myga the Magician (Mummy Ice Elementalist)          Turns: 4900, Time: 00:17:36

Health: 0/42       AC:  4    Str: 11    XL:     6   Next: 28%
Magic:  6/13       EV: 13    Int: 17    God:    Dithmenos [*.....]
Gold:   238        SH:  0    Dex: 17    Spells: 1/15 levels left

rFire    x . .     SeeInvis .   i - +0 dagger
rCold    + . .     Gourm    .   (no shield)
rNeg     + + +     Faith    .   a - +1 robe
rPois    ∞         Spirit   .   (no helmet)
rElec    .         Reflect  .   (no cloak)
rCorr    .         Harm     +   l - +0 pair of gloves
MR       .....                  (no boots)
Stlth    +++.......             k - amulet of harm
HPRegen  0.14/turn              h - +5 ring of dexterity
MPRegen  0.13/turn              (no ring)

@: wreathed by umbra
A: no food or potions, fire vulnerability, cold resistance 1, negative energy
resistance 3, torment resistance, unbreathing
a: Renounce Religion


You were on level 6 of the Dungeon.
You worshipped Dithmenos.
Dithmenos was aware of your devotion.
You were not hungry.

You visited 2 branches of the dungeon, and saw 7 of its levels.

You collected 238 gold pieces.

Inventory:

Hand Weapons
 i - a +0 dagger (weapon)
Missiles
 p - a throwing net (quivered)
Armour
 a - a +1 robe (worn)
 l - a +0 pair of gloves (worn)
Jewellery
 h - a +5 ring of dexterity (left hand)
 k - an amulet of harm (around neck)
 n - an uncursed amulet of guardian spirit {unknown}
Wands
 b - a wand of enslavement (8)
 j - a wand of digging (7)
 m - a wand of polymorph (5)
Scrolls
 c - a scroll of enchant weapon
 d - 3 scrolls of enchant armour
 e - 2 scrolls of amnesia
 f - 2 scrolls of fog
 g - 2 scrolls of teleportation
 o - a scroll of torment
 q - a scroll of blinking {unknown}


   Skills:
 + Level 0.3 Fighting
 + Level 0.7 Short Blades
 + Level 2.4 Dodging
 + Level 2.3 Stealth
 + Level 5.2 Spellcasting
 + Level 0.8 Conjurations
 + Level 4.0 Ice Magic


You had one spell level left.
You knew the following spells:

 Your Spells              Type           Power        Failure   Level  Hunger
a - Freeze                Ice            ###.         2%          1    N/A
b - Throw Frost           Conj/Ice       ##....       8%          2    N/A
c - Ozocubu's Armour      Chrm/Ice       ##......     19%         3    N/A
d - Throw Icicle          Conj/Ice       ##......     45%         4    N/A
e - Summon Ice Beast      Ice/Summ       ##......     52%         4    N/A

Your spell library contained the following spells:

 Spells                   Type           Power        Failure   Level  Hunger


Dungeon Overview and Level Annotations

Branches:
Dungeon (6/15)             Temple (1/1) D:5

Altars:
Ashenzari
Cheibriados
Dithmenos
Elyvilon
Gozag
Hepliaklqana
Kikubaaqudgha
Makhleb
Nemelex Xobeh
Okawaru
Qazlal
Sif Muna
Wu Jian
Xom
Zin

Shops:
D:6 ?


Innate Abilities, Weirdness & Mutations

You do not eat or drink.
Your flesh is vulnerable to fire.
You are immune to poison.
Your flesh is cold resistant. (rC+)
You are immune to negative energy. (rN+++)
You are immune to unholy pain and torment.
You can survive without breathing.


Message History

Your ice beast hits the phantom but does no damage.
Casting: Summon Ice Beast (very dangerous; 52% risk of failure)
Confirm with . or Enter, or press ? or * to list all spells.
You can't see any susceptible monsters within range! (Use Z to cast anyway.)
Your ice beast disappears in a puff of smoke!
Casting: Summon Ice Beast (very dangerous; 52% risk of failure)
Confirm with . or Enter, or press ? or * to list all spells.
Aiming: Freeze (safe; 2% risk of failure)
Press: ? - help, Shift-Dir - straight line, f - phantom
Aim: a phantom (moderately damaged, umbra)
The phantom resists.
You freeze the phantom.
The phantom is heavily damaged.
The phantom hits you.
* * * LOW HITPOINT WARNING * * *
An orc wizard comes into view. It is wielding a +0 dagger.
Okay, then.
The orc wizard shouts!
You hear a shout! x3
The orc wizard points at you and mumbles some strange words.
The magic dart hits you.
You die...

###......#######
#.# ####......#
#.........#
#..###.........#
#..............#
#.####.........#
##.#..W...#
#.#......#.###
#.#...@.......
#.#....#......
..####.#......
### ### #.### .o
##


You could see a phantom and an orc wizard.

Vanquished Creatures
  A crimson imp (D:5)
  An iguana (D:5)
  2 worker ants (D:4)
  2 hound skeletons
  A hound zombie (D:6)
  4 gnolls (D:5)
  5 adders
  An ooze (D:1)
  2 worms
  3 dart slugs
  2 leopard geckos
  2 orcs (D:4)
  4 ball pythons
  6 bats
  A giant cockroach (D:2)
  3 goblins
  9 hobgoblins
  15 jackals
  9 kobolds
  3 quokkas
  5 frilled lizards
  A leopard gecko skeleton (D:4)
  A quokka skeleton (D:5)
  9 rats
92 creatures vanquished.

Notes
Turn   | Place    | Note
-------+----------+-------------------------------------------
     0 | D:1      | myga the Mummy Ice Elementalist began the quest for the
                  | Orb.
     0 | D:1      | Reached XP level 1. HP: 13/13 MP: 4/4
   173 | D:1      | Reached skill level 3 in Spellcasting
   195 | D:1      | Reached XP level 2. HP: 19/19 MP: 1/6
   215 | D:1      | Learned a level 2 spell: Throw Frost
   913 | D:2      | Reached XP level 3. HP: 24/24 MP: 2/7
   984 | D:2      | You fall through a shaft!
  1315 | D:3      | Found a shadowy altar of Dithmenos.
  1351 | D:3      | Learned a level 3 spell: Ozocubu's Armour
  1424 | D:3      | Reached XP level 4. HP: 30/30 MP: 2/9
  1642 | D:3      | Became a worshipper of Dithmenos the Shadowed
  1934 | D:4      | Reached skill level 4 in Spellcasting
  2064 | D:4      | Reached XP level 5. HP: 25/36 MP: 7/11
  2399 | D:2      | Learned a level 4 spell: Throw Icicle
  2616 | D:2      | Reached * piety under Dithmenos
  3348 | D:5      | Entered Level 5 of the Dungeon
  3369 | D:5      | Found a staircase to the Ecumenical Temple.
  3391 | Temple   | Entered the Ecumenical Temple
  3648 | D:5      | Reached XP level 6. HP: 29/42 MP: 5/13
  3913 | D:5      | Reached skill level 5 in Spellcasting
  4725 | D:5      | Learned a level 4 spell: Summon Ice Beast
  4816 | D:6      | Found Mokhum's Magic Scroll Shop.
  4900 | D:6      | Killed from afar by an orc wizard

Skill      XL: |  1  2  3  4  5  6 |
---------------+-------------------+-----
Spellcasting   | 3 4 5 |  5.2
Ice Magic      | 3 4 |  4.0
Stealth        | 2 |  2.3
Dodging        | 2 |  2.4
Fighting       | |  0.3
Short Blades   | |  0.7
Conjurations   | |  0.8

Action                   |  1- 3 |  4- 6 || total
-------------------------+-------+-------++-------
Melee: Unarmed           |     1 |       ||     1
       Dagger            |    19 |   102 ||   121
       Short sword       |     2 |       ||     2
 Cast: Freeze            |    58 |    76 ||   134
       Throw Frost       |     1 |    26 ||    27
       Summon Ice Beast  |       |     1 ||     1
Evoke: Wand              |       |     3 ||     3
  Use: Scroll            |     4 |     2 ||     6
 Stab: Sleeping          |     3 |     7 ||    10
Armor: Robe              |    12 |    26 ||    38
Dodge: Dodged            |    42 |   113 ||   155
